 Dungeon Crawl Stone Soup version 0.21-a0-444-g29a2fec (webtiles) character file.

336 atomicknyte the Skirmisher (level 6, -5/73 HPs)
             Began as a Demonspawn Gladiator on Aug 14, 2017.
             Was an Initiate of Wu Jian.
             Slain by sploonz's ghost (13 damage)
             ... on level 4 of the Dungeon on Nov 17, 2017.
             The game lasted 00:24:23 (3348 turns).

atomicknyte the Skirmisher (Demonspawn Gladiator)   Turns: 3348, Time: 00:24:24

Health: -5/73      AC: 11    Str: 22    XL:     6   Next: 28%
Magic:  6/6        EV: 12    Int:  9    God:    Wu Jian [......]
Gold:   10         SH:  0    Dex: 14    Spells: 3/5 levels left

rFire    + . .     SeeInvis .   a - +0 long sword
rCold    . . .     Gourm    .   (no shield)
rNeg     . . .     Faith    .   y - +3 ring mail {rF+}
rPois    .         Spirit   .   (helmet restricted)
rElec    .         Reflect  .   (no cloak)
rCorr    .         Harm     .   (no gloves)
MR       .....                  r - +0 pair of boots
Stlth    ..........             t - amulet of rage
HPRegen  0.22/turn              (no ring)
MPRegen  0.10/turn              (no ring)

@: berserking (expiring), very quick
A: horns 2, slimy green scales 1
a: Renounce Religion, Evoke Berserk Rage


You were on level 4 of the Dungeon.
You worshipped Wu Jian.
Wu Jian was noncommittal.
You were very hungry.

You visited 1 branch of the dungeon, and saw 4 of its levels.

You collected 98 gold pieces.
You spent 88 gold pieces at shops.

Inventory:

Hand Weapons
 a - a +0 long sword (weapon)
Missiles
 d - 3 throwing nets (quivered)
 l - 51 stones
 p - 23 sling bullets
Armour
 r - a +0 pair of boots (worn)
 y - a +3 ring mail of fire resistance (worn)
Jewellery
 t - an amulet of rage (around neck)
Scrolls
 e - 2 scrolls of teleportation
 q - a scroll of remove curse
 v - a scroll of enchant armour
Potions
 b - a potion of heal wounds
 c - a potion of curing
 h - a potion of flight
Books
 g - a book of Minor Magic

   Spells                             Type                      Level
   a - Magic Dart                     Conjuration                  1
   b - Blink                          Translocation                2
   c - Call Imp                       Summoning                    2
   d - Slow                           Hexes                        2
   e - Conjure Flame                  Conjuration/Fire             3
   f - Mephitic Cloud                 Conjuration/Poison/Air       3
Comestibles
 f - 3 bread rations
 j - 3 royal jellies
 k - a fruit
 n - a meat ration


   Skills:
 + Level 4.7 Fighting
 + Level 4.4 Long Blades
 - Level 1.7 Throwing
 + Level 3.6 Dodging


You had 3 spell levels left.
You knew the following spells:

 Your Spells              Type           Power        Failure   Level  Hunger
a - Blink                 Tloc           N/A          69%         2    ###....


Dungeon Overview and Level Annotations

Branches:
Dungeon (4/15)
 Temple: D:4-7

Altars:
Cheibriados
Kikubaaqudgha
Makhleb
Ru
Wu Jian

Shops:
D:4 !

Annotations:
D:3 wearedevo's ghost, amateur MfTm
D:4 sploonz's ghost, novice HOFi


Innate Abilities, Weirdness & Mutations

You have a pair of horns on your head.
You are partially covered in slimy green scales. (AC +2)


Message History

Sploonz's ghost hits you but does no damage.
You hit sploonz's ghost.
You headbutt sploonz's ghost, but do no damage.
Sploonz's ghost is almost destroyed.
Sploonz's ghost hits you!
You closely miss sploonz's ghost.
Sploonz's ghost is almost destroyed.
Sploonz's ghost hits you!
* * * LOW HITPOINT WARNING * * *
You closely miss sploonz's ghost.
Sploonz's ghost is almost destroyed.
You barely miss sploonz's ghost.
Sploonz's ghost is almost destroyed.
Sploonz's ghost says, "Nobody wants to follow a dead messiah!"
Sploonz's ghost hits you.
* * * LOW HITPOINT WARNING * * *
You hit sploonz's ghost but do no damage.
Sploonz's ghost is almost destroyed.
Sploonz's ghost hits you!
You die...

..W...# #. #...<.# #.
#.....# #. .....# ##.###
#...###### ....#
#........#
#.#.######....###.#
##.#.##............###
#....@W.(............#
.......#.##.<..........#.#
##.......######....###.#..
#.......# #........#.#
##.##.#.# #...######.# #.
..#.# #...#### #.# #
.###.# ##.....# #.# $. #.#
#####.# #.# #######.# #..


You could see sploonz's ghost.

Vanquished Creatures
  A scorpion (D:4)
  2 bullfrog skeletons (D:4)
  An iguana (D:4)
  An orc wizard (D:3)
  2 worker ants (D:4)
  A hound skeleton (D:3)
  3 adders
  2 oozes (D:2)
  3 worms
  3 dart slugs
  2 leopard geckos
  4 orcs (D:3)
  5 bats
  4 giant cockroaches
  7 goblins
  7 hobgoblins
  3 jackals (D:4)
  8 kobolds
  4 ball pythons
  4 frilled lizards
  A leopard gecko skeleton (D:4)
  6 rats
74 creatures vanquished.

Notes
Turn   | Place    | Note
-------+----------+-------------------------------------------
     0 | D:1      | atomicknyte the Demonspawn Gladiator began the quest for the Orb.
     0 | D:1      | Reached XP level 1. HP: 16/16 MP: 1/1
   179 | D:1      | Gained mutation: You are partially covered in slimy green scales. (AC +2) [demonic ancestry]
   179 | D:1      | Reached XP level 2. HP: 21/23 MP: 2/2
   704 | D:2      | Gained mutation: You have a pair of small horns on your head. [demonic ancestry]
   704 | D:2      | Reached XP level 3. HP: 27/29 MP: 3/3
  1054 | D:2      | Reached XP level 4. HP: 32/36 MP: 4/4
  1083 | D:2      | Found an ornate altar of the Wu Jian Council.
  1087 | D:2      | Found a sacrificial altar of Ru.
  1087 | D:2      | Found an ancient bone altar of Kikubaaqudgha.
  1113 | D:2      | Became a worshipper of the Wu Jian Council
  1205 | D:2      | Found a snail-covered altar of Cheibriados.
  1321 | D:3      | Noticed wearedevo's ghost (amateur MfTm)
  1331 | D:2      | Upgraded the game from 0.21-a0-193-g085b6a0 to 0.21-a0-444-g29a2fec
  1400 | D:3      | Found a burning altar of Makhleb.
  1402 | D:3      | Noticed a blizzard demon
  1826 | D:3      | Learned a level 2 spell: Blink
  1954 | D:3      | Gained mutation: You have a pair of horns on your head. [demonic ancestry]
  1954 | D:3      | Reached XP level 5. HP: 39/42 MP: 5/5
  2548 | D:4      | Found Xekheagg's Distillery.
  2551 | D:4      | Bought a potion of heal wounds for 55 gold pieces
  2551 | D:4      | Bought a potion of curing for 33 gold pieces
  2576 | D:4      | Reached XP level 6. HP: 24/49 MP: 6/6
  2809 | D:4      | Reached * piety under Wu Jian
  2914 | D:4      | Noticed sploonz's ghost (novice HOFi)
  3348 | D:4      | Slain by sploonz's ghost

Vault maps used:
D:1:      wheals_arrival_shading, st_stairs_3
D:2:      cheibriados_altar_1, gammafunk_temple_overflow_forgotten, first_bread
D:3:      cheibrodos_greedy_goblins, makhleb_altar_promises_db
D:4:      serial_shops, nicolae_shop_statue_plus, hangedman_decor_lopped

Skill      XL: |  1  2  3  4  5 |
---------------+----------------+-----
Fighting       | 3 4 |  4.7
Long Blades    | 3 4 |  4.4
Dodging        | 3 |  3.6
Throwing       | |  1.7

Action                   |  1- 3 |  4- 6 || total
-------------------------+-------+-------++-------
Melee: Long sword        |   104 |   125 ||   229
       Headbutt          |    14 |    29 ||    43
Throw: Stone             |       |    11 ||    11
 Abil: Evoke Berserk Rag |       |     1 ||     1
  Use: Scroll            |     5 |     3 ||     8
       Potion            |       |     2 ||     2
 Stab: Sleeping          |     1 |       ||     1
  Eat: Chunk             |     1 |     4 ||     5
       Fruit             |       |     3 ||     3
Armor: Leather armour    |    41 |    28 ||    69
       Ring mail         |       |    12 ||    12
Dodge: Dodged            |    81 |    59 ||   140
       Rpst.: Long sword |    27 |    17 ||    44

Table legend:
 A = Spawn XP
 B = Non-spawn XP
 C = Spawn XP percentage of total XP
 D = Spawn monster count
 E = Non-spawn monster count
 F = Spawn count percentage of total count
 G = Total turns spent on level
                    A         B        C        D         E        F      G
               +---------+---------+-------+---------+---------+-------+---------
         Total |       0 |     279 |   0.0 |       0 |      13 |   0.0 |  2017
               +---------+---------+-------+---------+---------+-------+---------
           D:4 |       0 |     279 |   0.0 |       0 |      13 |   0.0 |   739
               +---------+---------+-------+---------+---------+-------+---------
